 Dungeon Crawl Stone Soup version 0.27.0-1-g7a089689b8 (webtiles) character file.

Game seed: 7095936739643804396

65683 Sin92 the Bludgeoner (level 14, -3/123 (127) HPs)
             Began as a Minotaur Fighter on Aug 14, 2021.
             Was the Champion of Okawaru.
             Slain by an orc knight (9 damage)
             ... while paralysed by an orc sorcerer
             ... on level 2 of the Orcish Mines.
             The game lasted 00:42:58 (22635 turns).

Sin92 the Bludgeoner (Minotaur Fighter)            Turns: 22635, Time: 00:42:58

HP:   -3/123 (127)  AC: 20    Str: 26    XL:     14   Next: 76%
MP:   18/18         EV:  2    Int:  9    God:    Okawaru [******]
Gold: 1527          SH:  0    Dex: 22    Spells: 13/13 levels left

rFire    + + +     SeeInvis .   W - +9 morningstar of the Wizarding Seeker {holy, rF+ Int+4}
rCold    + . .     Faith    .   S - +2 tower shield {rC+ rF+}
rNeg     . . .     Spirit   .   P - +4 scale mail {rF+}
rPois    .         Reflect  +   (helmet restricted)
rElec    .         Harm     +   F - +0 cloak "Japruned" {Harm Str+3}
rCorr    .         Rampage  .   I - +2 pair of gloves
Will     +....                  u - +0 pair of boots
Stlth    ..........             K - amulet of reflection
HPRegen  0.30/turn              y - +6 ring of dexterity
MPRegen  0.16/turn              G - ring of Crawling {rF+ Dex+3}

@: paralysed, studying Shields, lightly drained
A: horns 2, retaliatory headbutt
a: Renounce Religion, Heroism, Finesse


You were on level 2 of the Orcish Mines.
You worshipped Okawaru.
Okawaru was exalted by your worship.
You visited 3 branches of the dungeon, and saw 19 of its levels.
You also visited: Sewer.

You collected 1851 gold pieces.
You spent 324 gold pieces at shops.

Inventory:

Hand Weapons
 a - a +3 flail of draining
 E - the +8 long sword "Vonunuma" {holy, Dex+2}
   (You found it on level 9 of the Dungeon)

   It has been blessed by the Shining One to cause great damage to the undead
   and demons.
   Dex:       It affects your dexterity (+2).
 M - the +8 whip "Snakebite" {venom, curare, rPois}
   (You acquired it on level 5 of the Lair of Beasts)

   It poisons the flesh of those it strikes.
   It occasionally inflicts asphyxiating poison on those it strikes, dealing
   poison damage and causing slowness.
   rPois:     It protects you from poison.
 T - a +2 eveningstar of flaming
 W - the +9 morningstar of the Wizarding Seeker (weapon) {holy, rF+ Int+4}
   (You bought it in a shop on level 2 of the Orcish Mines)

   It has been blessed by the Shining One to cause great damage to the undead
   and demons.
   Int:       It affects your intelligence (+4).
   rF:        It protects you from fire.
Missiles
 B - 2 throwing nets (quivered)
Armour
 b - a +0 scale mail
 c - a +1 kite shield
 n - a +3 scale mail of poison resistance
 r - a +0 chain mail
 u - a +0 pair of boots (worn)
 F - the +0 cloak "Japruned" (worn) {Harm Str+3}
   (Okawaru gifted it to you on level 9 of the Dungeon)

   Str:       It affects your strength (+3).
   Harm:      It increases damage dealt and taken.
 I - a +2 pair of gloves (worn)
 L - a scarf of resistance
 P - a +4 scale mail of fire resistance (worn)
 S - a +2 tower shield of resistance (worn)
Jewellery
 j - a +6 ring of intelligence
 m - a ring of flight
 y - a +6 ring of dexterity (left hand)
 z - a ring of ice
 G - the ring of Crawling (right hand) {rF+ Dex+3}
   (You found it on level 10 of the Dungeon)

   [ring of protection from fire]

   Dex:       It affects your dexterity (+3).
   rF:        It protects you from fire.
 K - an amulet of reflection (around neck)
Wands
 v - a wand of polymorph (12)
 A - a wand of digging (5)
 D - a wand of iceblast (65)
 O - a wand of mindburst (16)
 R - a wand of paralysis (4)
Scrolls
 l - 3 scrolls of teleportation
 s - a scroll of magic mapping
 t - a scroll of amnesia
 x - a scroll of brand weapon
 H - a scroll of blinking
 N - a scroll of fear
 Q - a scroll of silence
Potions
 d - 2 potions of might
 e - 10 potions of haste
 f - 8 potions of heal wounds
 g - 7 potions of curing
 h - 3 potions of flight
 i - 3 potions of magic
 k - a potion of resistance
 o - 2 potions of ambrosia
 p - 5 potions of attraction
 q - a potion of berserk rage {unknown}
 w - 2 potions of degeneration
 C - 3 potions of lignification
 J - a potion of invisibility
 U - 3 potions of brilliance


   Skills:
 + Level 12.9 Fighting
 * Level 17.0 Maces & Flails
 + Level 13.1 Armour
 - Level 10.1 Dodging
 + Level 15.1 Shields
 + Level 7.8 Invocations


You had 13 spell levels left.
You didn't know any spells.
Your spell library contained the following spells:

 Spells                   Type           Power      Damage    Failure   Level
 Beastly Appendage        Tmut           0%         N/A       95%         1
 Corona                   Hex            0%         N/A       95%         1
 Summon Small Mammal      Summ           0%         N/A       95%         1
 Corpse Rot               Necr/Air       N/A        N/A       99%         2
 Ensorcelled Hibernation  Hex/Ice        0%         N/A       99%         2
 Poisonous Vapours        Pois/Air       0%         N/A       99%         2
 Call Canine Familiar     Summ           0%         N/A       100%        3
 Dazzling Flash           Conj/Hex       0%         N/A       100%        3
 Portal Projectile        Hex/Tloc       0%         N/A       100%        3
 Summon Guardian Golem    Hex/Summ       0%         N/A       100%        3
 Tukima's Dance           Hex            0%         N/A       100%        3
 Animate Armour           Summ/Erth      0%         N/A       100%        4
 Iskenderun's Mystic Bla  Conj/Tloc      0%         2d3       100%        4
 Leda's Liquefaction      Hex/Erth       0%         N/A       100%        4
 Passage of Golubria      Tloc           N/A        N/A       100%        4
 Sticky Flame             Conj/Fire      0%         2d3       100%        4
 Blade Hands              Tmut           0%         N/A       100%        5
 Freezing Cloud           Conj/Ice/Air   0%         6-21      100%        5
 Irradiate                Conj/Tmut      0%         3d13      100%        5
 Yara's Violent Unravell  Hex/Tmut       0%         3d3       100%        5
 Iron Shot                Conj/Erth      0%         9d1       100%        6
 Starburst                Conj/Fire      0%         8x6d3     100%        6
 Dragon Form              Tmut           0%         N/A       100%        7


Dungeon Overview and Level Annotations

Branches:
Dungeon (11/15)            Temple (0/1) D:5            Lair (6/6) D:8
  Swamp (0/4) Lair:3        Snake (0/4) Lair:4        Slime (0/5) Lair:5
    Orc (2/2) D:11            Elf (0/3) Orc:2         Sewer (visited)

Altars:
Elyvilon
Makhleb
Nemelex Xobeh
Okawaru
Ru
Trog
Yredelemnul

Shops:
D:4 :   Orc:1 =   Orc:2 (

Portals:
Trove: D:10 (give horn of Geryon)


Innate Abilities, Weirdness & Mutations

You have a pair of horns on your head.
You reflexively headbutt those who attack you in melee.


Message History

The bolt of fire hits you. You resist.
The bolt of fire hits something!!!
Reactivating autopickup.
Things that are here:
a +0 dagger; a +0 robe; an orc corpse Unknown command.
You barely miss the orc wizard. The orc warrior misses you.
An orc warrior comes into view. It is wielding a +0 war axe.
The orc wizard hits you but does no damage.
You closely miss the orc wizard. Your headbutt misses the orc wizard.
The orc knight roars a battlecry!
The orcs go into a battle-frenzy!
The orc warrior hits you with a +0 battleaxe!!
The orc wizard closely misses you.
You sock the orc wizard!
You kill the orc wizard!
Okawaru accepts your kill.
An orc priest comes into view. It is wielding a +0 flail.
The orc knight roars a battlecry!
The orc priest goes into a battle-frenzy!
The orc warrior hits you with a +0 battleaxe!!
The orc sorcerer points at you and mumbles some strange words.
You suddenly lose the ability to move!
The orc priest shouts!
You hear a shout!
The orc hits you but does no damage.
You feel less confused. The orc hits you but does no damage.
The orc warrior hits you with a +0 battleaxe!!
* * * LOW HITPOINT WARNING * * *
The orc sorcerer gestures at you while chanting.
The bolt of negative energy hits you!
You feel drained.
* * * LOW HITPOINT WARNING * * *
The orc hits you but does no damage.
The orc warrior hits you but does no damage.
The orc sorcerer mumbles some strange words.
The orc warrior barely misses you.
The orc sorcerer hits you with a +0 dagger.
* * * LOW HITPOINT WARNING * * *
The orange demon stings you but does no damage.
The orc knight hits you with a +0 battleaxe!
You die...

.......#...#........##.###
......###.......#......### ##
....#####.....####....#).## .# .
#.....#.........#....####o##)#oo.
###............##....#.#.oo.)..oo
##..[....[...#......o....o{))..4.
#........#####...4o..#...o.......
##....)[..######oo..##...o.o.....
##.....)(#.##.o@o...##..........
##........).....#.....###.##.#...
.....#....).....#.....# ### .#...
....###.#.).....#.#..## #####
....#.<...[..#..###...#
........#..#.....##...#
#.....)#...#....#.....#
##......)#.##........##
#....).####.#.......#


You could see an orc knight, an orange demon (summoned), an orc sorcerer
(strong), 2 orc warriors, an orc priest (strong) and an orc (strong).

Vanquished Creatures
  The ghost of hydrownug the Fighter, a journeyman OgWn of Ru (Lair:6)
  Josephine (D:11)
  A boulder beetle (Lair:4)
  4 hydras
  A merfolk avatar (Lair:6)
  3 two-headed ogres
  15 death yaks
  Sonja (Lair:1)
  An orc high priest (Orc:2)
  Nergalle (Lair:1)
  3 sea snakes (Lair:6)
  A harpy (Lair:6)
  2 orc sorcerers (Orc:2)
  An ugly thing (D:11)
  2 orc knights
  2 manticores (Lair:6)
  18 elephants
  3 black mambas
  A torpor snail (Lair:4)
  An unseen horror (D:9)
  10 cane toads
  2 gargoyles
  3 kobold demonologists (D:9)
  4 rime drakes
  Psyche (D:11)
  10 komodo dragons
  5 trolls
  4 hornets
  3 tyrant leeches (Lair:3)
  11 blink frogs
  Prince Ribbit (Lair:1)
  2 polar bears
  A snapping turtle (Lair:6)
  4 wraiths (D:11)
  5 wyverns
  Eustachio (D:5)
  5 basilisks
  46 yaks
  A steam dragon (D:8)
  A warg (Orc:2)
  A naga (Lair:4)
  14 water moccasins
  Duvessa (D:5)
  21 orc warriors
  Purgy (Sewer)
  5 black bears
  2 sky beasts
  2 ice beasts
  A necrophage (D:4)
  5 ogres
  2 centaurs (D:6)
  2 phantoms (D:5)
  14 wolves
  4 kobold brigands (D:9)
  Blork the orc (D:6)
  19 bullfrogs
  A scorpion (D:4)
  3 gnoll sergeants
  A water moccasin zombie (D:5)
  2 wyvern skeletons (D:6)
  Dowan (D:6)
  6 killer bees
  5 wights (D:10)
  3 electric eels (Lair:2)
  A howler monkey (D:11)
  A crimson imp (D:5)
  5 centaur zombies
  2 hounds
  3 jellies
  23 orc priests
  A bullfrog skeleton (D:3)
  5 gnoll shamans
  A centaur skeleton (D:4)
  Terence (D:3)
  3 iguanas
  21 orc wizards
  6 hell rats
  A killer bee zombie (D:5)
  A hound zombie (D:5)
  3 howler monkey zombies (D:9)
  7 adders
  30 gnolls
  A white imp (D:6)
  2 ufetubi
  An adder skeleton (D:4)
  5 worms
  2 dart slugs
  64 orcs
  6 endoplasms
  2 giant cockroaches
  2 hobgoblins
  4 jackals (D:1)
  8 kobolds
  4 quokkas
  9 ball pythons
  4 bats
  6 frilled lizards
  8 goblins
  2 rats
545 creatures vanquished.

Vanquished Creatures (others)
  A wizard (D:8)
  An orc wizard (Orc:2)
  53 fungi
  59 plants
114 creatures vanquished.

Grand Total: 659 creatures vanquished

Notes
Turn   | Place    | Note
-------+----------+-------------------------------------------
     0 | D:1      | Sin92 the Minotaur Fighter began the quest for the Orb.
     0 | D:1      | Reached XP level 1. HP: 19/19 MP: 0/0
    90 | D:1      | Reached XP level 2. HP: 25/27 MP: 1/1
   416 | D:1      | Reached skill level 3 in Maces & Flails
  1014 | D:2      | Reached XP level 3. HP: 27/33 MP: 2/2
  1437 | D:3      | Reached skill level 1 in Dodging
  1441 | D:3      | Reached XP level 4. HP: 37/40 MP: 3/3
  1548 | D:3      | Found a glowing drain.
  1565 | Sewer    | Entered a sewer
  1660 | Sewer    | Noticed Purgy
  1665 | Sewer    | Killed Purgy
  1666 | Sewer    | Reached skill level 4 in Maces & Flails
  1666 | Sewer    | Reached XP level 5. HP: 38/47 MP: 4/4
  1816 | D:3      | Noticed Terence
  1819 | D:3      | Found a faded altar of an unknown god.
  1832 | D:3      | Killed Terence
  1852 | D:3      | Reached skill level 9 in Maces & Flails
  1852 | D:3      | Reached skill level 5 in Dodging
  1852 | D:3      | Reached XP level 6. HP: 31/60 MP: 5/5
  2003 | D:3      | Got Plato's Disquisition on Transformation
  2112 | D:3      | Found an iron altar of Okawaru.
  2132 | D:3      | Became a worshipper of Warmaster Okawaru
  2456 | D:4      | Found Laucwu's Book Emporium.
  2516 | D:4      | Reached XP level 7. HP: 65/66 MP: 6/6
  2963 | D:4      | Reached skill level 1 in Invocations
  3128 | D:4      | Reached * piety under Okawaru
  3752 | D:5      | Entered Level 5 of the Dungeon
  3787 | D:5      | Reached XP level 8. HP: 68/73 MP: 8/8
  4008 | D:5      | Found a burning altar of Makhleb.
  4230 | D:5      | Reached skill level 10 in Maces & Flails
  4303 | D:5      | Noticed Eustachio
  4341 | D:5      | Killed Eustachio
  4607 | D:5      | Found a sparkling altar of Nemelex Xobeh.
  4641 | D:5      | Found a staircase to the Ecumenical Temple.
  4905 | D:6      | Noticed Dowan
  4906 | D:6      | Noticed Duvessa
  4908 | D:6      | Killed Dowan
  4908 | D:6      | Reached ** piety under Okawaru
  4932 | D:5      | Killed Duvessa
  5432 | D:6      | Noticed Blork the orc
  5436 | D:6      | Killed Blork the orc
  5770 | D:6      | Reached XP level 9. HP: 63/81 MP: 9/9
  6064 | D:6      | Noticed a troll
  6074 | D:6      | Killed a troll
  6897 | D:7      | Reached *** piety under Okawaru
  7447 | D:7      | Found a basalt altar of Yredelemnul.
  7459 | D:7      | Found a sacrificial altar of Ru.
  7657 | D:7      | Reached skill level 11 in Maces & Flails
  7774 | D:8      | Reached XP level 10. HP: 43/90 MP: 11/11
  8016 | D:8      | Reached **** piety under Okawaru
  8384 | D:8      | Found a staircase to the Lair.
  8408 | D:8      | Reached ***** piety under Okawaru
  8701 | D:8      | Found a bloodstained altar of Trog.
  8702 | D:8      | Noticed a wizard
  8708 | D:8      | Killed a wizard
  8866 | D:9      | Noticed a sun demon
  8868 | D:9      | Noticed a rust devil
  8885 | D:9      | Identified the +8 long sword "Vonunuma" {holy, Dex+2}
  9084 | D:9      | Noticed a two-headed ogre
  9093 | D:9      | Killed a two-headed ogre
  9184 | D:9      | Reached skill level 12 in Maces & Flails
  9184 | D:9      | Reached XP level 11. HP: 38/97 MP: 13/13
  9909 | D:9      | Noticed a two-headed ogre
 10304 | D:9      | Paralysed by a hornet for 2 turns
 10311 | D:9      | Killed a two-headed ogre
 10311 | D:9      | Identified the +0 cloak "Japruned" {Harm Str+3} (Okawaru
                  | gifted it to you on level 9 of the Dungeon)
 10311 | D:9      | Received a gift from Okawaru
 10728 | D:9      | Reached skill level 5 in Invocations
 10918 | D:10     | Entered Level 10 of the Dungeon
 10924 | D:10     | Identified the ring of Crawling {rF+ Dex+3}
 10937 | D:10     | Found a white marble altar of Elyvilon.
 11004 | D:10     | Reached skill level 10 in Armour
 11004 | D:10     | Reached skill level 10 in Shields
 11468 | D:10     | Found a portal to a secret trove of treasure.
 11772 | Lair:1   | Entered Level 1 of the Lair of Beasts
 11847 | Lair:1   | Noticed Nergalle
 11861 | Lair:1   | Killed Nergalle
 12104 | Lair:1   | Noticed Sonja
 12109 | Lair:1   | Killed Sonja
 12110 | Lair:1   | Reached skill level 13 in Maces & Flails
 12125 | Lair:1   | Reached skill level 10 in Fighting
 12173 | Lair:1   | Noticed Prince Ribbit
 12178 | Lair:1   | Reached XP level 12. HP: 106/106 MP: 15/15
 12186 | Lair:1   | Reached ****** piety under Okawaru
 12201 | Lair:1   | Killed Prince Ribbit
 12361 | Lair:1   | Noticed a four-headed hydra
 12368 | Lair:1   | Killed a four-headed hydra
 12569 | Lair:1   | Got the Papyrus of Fire and Creation
 12710 | Lair:1   | Noticed a four-headed hydra
 12718 | Lair:1   | Killed a four-headed hydra
 13156 | Lair:2   | Received a gift from Okawaru
 13218 | Lair:2   | Identified a scroll of acquirement
 13218 | Lair:2   | Acquired a manual of Shields
 13306 | Lair:2   | Noticed a death yak
 13306 | Lair:2   | Noticed a death yak
 13306 | Lair:2   | Noticed a death yak
 13307 | Lair:2   | Noticed a death yak
 13308 | Lair:2   | Noticed a death yak
 13328 | Lair:2   | Killed a death yak
 13352 | Lair:2   | Killed a death yak
 13353 | Lair:2   | Killed a death yak
 13355 | Lair:2   | Killed a death yak
 13356 | Lair:2   | Killed a death yak
 13357 | Lair:2   | Reached skill level 14 in Maces & Flails
 14065 | Lair:2   | Received a gift from Okawaru
 14801 | Lair:3   | Noticed a four-headed hydra
 14808 | Lair:3   | Killed a four-headed hydra
 15048 | Lair:3   | Found a staircase to the Swamp.
 15502 | Lair:3   | Noticed a six-headed hydra
 15507 | Lair:3   | Killed a six-headed hydra
 15508 | Lair:3   | Reached XP level 13. HP: 106/115 MP: 17/17
 16516 | Lair:4   | Received a gift from Okawaru
 16591 | Lair:4   | Reached skill level 10 in Dodging
 16763 | Lair:4   | Reached skill level 15 in Maces & Flails
 17137 | Lair:4   | Found a staircase to the Snake Pit.
 18101 | Lair:5   | Received a gift from Okawaru
 18308 | Lair:5   | Found a staircase to the Slime Pits.
 18467 | Lair:5   | Acquired a +1 tower shield of resistance
 18479 | Lair:5   | Acquired a +2 eveningstar of flaming
 18481 | Lair:5   | Acquired the +8 whip "Snakebite" {venom, curare, rPois}
 18482 | Lair:5   | Found the +8 whip "Snakebite" {venom, curare, rPois}
 18499 | Lair:6   | Entered Level 6 of the Lair of Beasts
 18791 | Lair:6   | Reached XP level 14. HP: 72/125 MP: 18/18
 18794 | Lair:6   | Received a gift from Okawaru
 18862 | Lair:6   | Reached skill level 16 in Maces & Flails
 20065 | Lair:6   | Noticed hydrownug's ghost (journeyman OgWn)
 20066 | Lair:6   | Found a runed translucent door.
 20314 | Lair:6   | Killed hydrownug's ghost
 20578 | D:11     | Found a staircase to the Orcish Mines.
 20636 | D:11     | Noticed Psyche
 20642 | D:11     | Killed Psyche
 21119 | D:11     | Noticed Josephine
 21127 | D:11     | Killed Josephine
 21302 | Orc:1    | Entered Level 1 of the Orcish Mines
 21325 | Orc:1    | Received a gift from Okawaru
 21531 | Orc:1    | Found Uschusy's Jewellery Boutique.
 21675 | Orc:2    | Entered Level 2 of the Orcish Mines
 21967 | Orc:2    | Found a staircase to the Elven Halls.
 22001 | Orc:2    | Found Darubusi's Antique Weapon Shoppe.
 22025 | Orc:2    | Reached skill level 15 in Shields
 22032 | Orc:2    | Bought a brightly glowing morningstar for 324 gold pieces
 22032 | Orc:2    | Identified the +9 morningstar of the Wizarding Seeker
                  | {holy, rF+ Int+4} (You bought it in a shop on level 2 of
                  | the Orcish Mines)
 22095 | Orc:2    | Reached skill level 17 in Maces & Flails
 22630 | Orc:2    | Paralysed by an orc sorcerer for 5 turns
 22634 | Orc:2    | HP: 6/123 [orc sorcerer (7)]
 22635 | Orc:2    | Slain by an orc knight

Illustrated notes

Levels and vault maps discovered:
D:1:      dpeg_arrival_arbitrary_a, layout_loops_ring, bh_walls_and_bars
D:2:      layout_basic
D:3:      layout_rooms, okawaru_metal_pillars_1_2,
          cheibrodos_sewer_entry_sluice, shapermc_ecumenical_altar_rom_forum,
          uniq_terence
D:4:      layout_layer_cave, serial_shops, shop_fountains, minmay_misc_feat_chi
D:5:      minmay_evil_eye, layout_cave_pools, overflow_temple_1_default,
          makhleb_grotto_becter, temple_statues, uniq_eustachio
D:6:      layout_layer_cave, roderic_roman_lattice,
          hangedman_abyss_or_decor_passed, minmay_misc_feat_five,
          grunt_potential, uniq_blork_the_orc, uniq_duvessa
D:7:      layout_basic, amethyst_overflow_temple_binary
D:8:      layout_loops_ring, trog_wizard, due_lair_maze_entry_diamond
D:9:      layout_basic, kennysheep_kite_vault
D:10:     layout_cave_pools, elyvilon_altar_5, nicolae_trove_entry_isolated,
          hangedman_decor_slide_cut, serial_park_tiny_2
D:11:     layout_roguey, orc_0_dummy, uniq_psyche, uniq_josephine
Lair:1:   layout_regular_city, minmay_shattered_shrine, uniq_prince_ribbit2,
          uniq_sonja, uniq_nergalle
Lair:2:   layout_gridlike, disabler_island
Lair:3:   layout_cave_pods, minmay_swamp_entry_worms, lemuel_fruit_fields
Lair:4:   layout_hall_layers, guppyfry_snake_entry_island,
          chequers_serial_rivers_room_a, chequers_serial_rivers_marsh,
          grunt_megastairs_2, infiniplex_staircase_pool_2, lemuel_fruit_tree
Lair:5:   layout_loops_ring, dpeg_slime_entry_corner, patterned_corridor,
          grunt_megastairs_1
Lair:6:   gammafunk_lair_ancient_temple, layout_regular_city,
          hellmonk_ghost_happy_afterlife, serial_bayou_shore_b
Orc:1:    layout_caves, serial_shops,
          nicolae_shop_temple_entry_statues_fountains, uniq_erolcha, uniq_fannar
Orc:2:    st_orc_congregation, layout_diamond_mine, serial_shops, shop

Skill      XL: |  1  2  3  4  5  6  7  8  9 10 11 12 13 14 |
---------------+-------------------------------------------+-----
Maces & Flails | 3 4 9 10 11 12 13 14 15 17 | 17.0
Armour         | 4 7 8 9 10 11 12 13 | 13.1
Shields        | 4 7 8 9 10 11 13 15 | 15.1
Dodging        | 1 5 6 7 8 9 10 | 10.1
Fighting       | 4 7 8 9 10 11 12 | 12.9
Invocations    | 1 2 3 4 5 7 |  7.8

Action                   |  1- 3 |  4- 6 |  7- 9 | 10-12 | 13-15 || total
-------------------------+-------+-------+-------+-------+-------++-------
Melee: Flail             |    88 |    71 |   335 |   551 |   249 ||  1294
       Headbutt          |     7 |    13 |    57 |   173 |   259 ||   509
       Whip              |       |       |       |       |   414 ||   414
       Morningstar       |       |       |       |       |    75 ||    75
Throw: Throwing net      |       |       |       |     1 |     1 ||     2
Invok: Finesse           |       |       |       |     1 |     2 ||     3
       Heroism           |       |       |       |     1 |       ||     1
  Use: Scroll            |     4 |     2 |     9 |    10 |     7 ||    32
       Potion            |       |     4 |     3 |     5 |     1 ||    13
Armor: Scale mail        |    62 |    14 |   154 |   163 |    80 ||   473
Dodge: Dodged            |    41 |    14 |   166 |   201 |   130 ||   552
Block: Kite shield       |    75 |    40 |   274 |   402 |   184 ||   975
       Tower shield      |       |       |       |       |   462 ||   462
       Reflection        |       |       |       |       |    14 ||    14
